 Dungeon Crawl Stone Soup version 0.21-a0-264-g3e31e41 (webtiles) character file.

70 sagitran the Slasher (level 4, -1/33 HPs)
             Began as a Demonspawn Gladiator on Sept 8, 2017.
             Slain by a worm (9 damage)
             ... on level 3 of the Dungeon.
             The game lasted 00:09:30 (2555 turns).

sagitran the Slasher (Demonspawn Gladiator)         Turns: 2555, Time: 00:09:30

Health: -1/33      AC:  3    Str: 15    XL:     4   Next: 3%
Magic:  4/4        EV: 15    Int: 10    God:
Gold:   90         SH:  0    Dex: 14    Spells: 3/3 levels left

rFire    . . .     SeeInvis .   a - +0 long sword
rCold    . . .     Gourm    .   (no shield)
rNeg     . . .     Faith    .   b - +0 leather armour
rPois    .         Spirit   .   (helmet restricted)
rElec    .         Reflect  .   (no cloak)
rCorr    .         Harm     .   (no gloves)
MR       .....                  (no boots)
Stlth    +.........             (no amulet)
HPRegen  0.11/turn              e - ring of wizardry
MPRegen  0.09/turn              (no ring)

@: no status effects
A: antennae 1, repulsion field 1
a: no special abilities


You were on level 3 of the Dungeon.
You were not hungry.

You visited 1 branch of the dungeon, and saw 4 of its levels.

You collected 90 gold pieces.

Inventory:

Hand Weapons
 a - a +0 long sword (weapon)
Missiles
 d - 3 throwing nets (quivered)
Armour
 b - a +0 leather armour (worn)
 c - a +0 helmet
Jewellery
 e - a ring of wizardry (left hand)
Scrolls
 l - 2 scrolls of teleportation {unknown}
 n - 2 scrolls of immolation {unknown}
 o - 5 scrolls of identify {unknown}
 p - 3 scrolls of fear {unknown}
 q - a scroll of enchant weapon {unknown}
 v - 2 scrolls of magic mapping {unknown}
 x - a scroll of recharging {unknown}
Potions
 g - a potion of mutation {unknown}
 i - a potion of invisibility {unknown}
 k - 2 potions of curing
 m - a potion of might {unknown}
 r - 2 potions of heal wounds {unknown}
 s - 2 potions of agility {unknown}
 u - a potion of resistance {unknown}
Comestibles
 f - 2 bread rations
 h - a fruit
 j - 5 meat rations
 t - a royal jelly
 w - a chunk of flesh


   Skills:
 + Level 2.2 Fighting
 + Level 3.3 Long Blades
 + Level 2.0 Throwing
 + Level 1.2 Armour
 + Level 3.3 Dodging


You had 3 spell levels left.
You didn't know any spells.

Dungeon Overview and Level Annotations

Branches:
Dungeon (4/15)
 Temple: D:4-7

Altars:
Nemelex Xobeh
Xom


Innate Abilities, Weirdness & Mutations

You have a pair of small antennae on your head.
You are surrounded by a mild repulsion field. (EV +2)


Message History

You hit the worm.
The worm is almost dead.
The worm bites you!
* * * LOW HITPOINT WARNING * * *
You hit the worm.
You kill the worm!
You have reached level 4!
You feel clever.
Your demonic ancestry asserts itself...
You begin to radiate repulsive energy.
It was a potion of curing.
You feel better.
You hit the worm.
The worm is lightly wounded.
You hit the worm but do no damage.
The worm is lightly wounded.
The worm closely misses you.
You riposte.
You hit the worm.
The worm is moderately wounded.
You barely miss the worm.
The worm is moderately wounded.
The worm bites you!
You die...

##....# ......# ......#
# ......###### ..
...........######## !..
##.>..†...........# ....
....##..........#.#.....
.#......................
.#.....###......@w....(.
.#####.# #####...#......
.# #.# ##### ..... .#
#.# .... .#####.# ...
.......# ## ..###### ..#
..#


You could see a worm.

Vanquished Creatures
  An adder (D:2)
  2 worms
  A dart slug (D:2)
  3 leopard geckos
  An orc (D:3)
  A ball python (D:1)
  7 giant cockroaches
  5 goblins
  5 hobgoblins
  8 kobolds
  2 bats
  3 frilled lizards
  8 rats
47 creatures vanquished.

Notes
Turn   | Place    | Note
-------+----------+-------------------------------------------
     0 | D:1      | sagitran the Demonspawn Gladiator began the quest for the Orb.
     0 | D:1      | Reached XP level 1. HP: 16/16 MP: 1/1
   390 | D:1      | Gained mutation: You have a pair of small antennae on your head. [demonic ancestry]
   390 | D:1      | Reached XP level 2. HP: 11/22 MP: 2/2
  1449 | D:2      | Reached XP level 3. HP: 27/27 MP: 3/3
  1571 | D:2      | Found a sparkling altar of Nemelex Xobeh.
  1785 | D:2      | Reached skill level 1 in Armour
  2372 | D:3      | Found a shimmering altar of Xom.
  2551 | D:3      | Gained mutation: You are surrounded by a mild repulsion field. (EV +2) [demonic ancestry]
  2551 | D:3      | Reached XP level 4. HP: 2/33 MP: 4/4
  2555 | D:3      | Slain by a worm

Vault maps used:
D:1:      onia_arrival_mini_maze_b
D:2:      nemelex_lonely_heart_becter
D:3:      first_bread, xom_teletrap_fun
D:4:      kennysheep_little_box, nicolae_qazlal_style_of_elements, serial_shops,
          shop, kennysheep_mini_moat, serial_curves, eino_curves_04,
          eino_curves_04, minmay_surrounded

Skill      XL: |  1  2  3 |
---------------+----------+-----
Dodging        | 3 |  3.3
Long Blades    | 3 |  3.3
Throwing       | 2 |  2.0
Armour         | 1 |  1.2
Fighting       | |  2.2

Action                   |  1- 3 |  4- 6 || total
-------------------------+-------+-------++-------
Melee: Long sword        |   113 |     3 ||   116
  Use: Potion            |       |     1 ||     1
 Stab: Sleeping          |     1 |       ||     1
  Eat: Chunk             |     5 |       ||     5
Armor: Leather armour    |    23 |       ||    23
Dodge: Dodged            |    87 |     1 ||    88
       Rpst.: Long sword |    27 |     1 ||    28

Table legend:
 A = Spawn XP
 B = Non-spawn XP
 C = Spawn XP percentage of total XP
 D = Spawn monster count
 E = Non-spawn monster count
 F = Spawn count percentage of total count
 G = Total turns spent on level
                    A         B        C        D         E        F      G
               +---------+---------+-------+---------+---------+-------+---------
         Total |       0 |     100 |   0.0 |       0 |      47 |   0.0 |  2555
               +---------+---------+-------+---------+---------+-------+---------
           D:1 |       0 |      34 |   0.0 |       0 |      20 |   0.0 |  1382
           D:2 |       0 |      47 |   0.0 |       0 |      18 |   0.0 |   804
           D:3 |       0 |      19 |   0.0 |       0 |       9 |   0.0 |   360
               +---------+---------+-------+---------+---------+-------+---------
